Arrhythmia, chaotic female vampiric Convict ------------- |...........| +......<....| |...........| -----.------- # # ### # ## ----|- |...@| |?.!@| |..._| |%%.=| |(.[.| |))!.| ------ Arrhythmia the Jail-bird Experience level: 7 Strength: 17 Dexterity: 12 Constitution: 20 Intelligence: 10 Wisdom: 10 Charisma: 9 Health: 0(69) Energy: 52(52) AC: 4 Gold: 0 Moves: 2207 Your Inventory: Armor b - a cursed +0 striped shirt (being worn) i - an uncursed -3 pair of levitation boots m - an [uncursed] +0 elven mithril-coat (being worn) o - an [uncursed] +0 cloak of invisibility r - an [uncursed] +0 iron skull cap [orcish helm] (being worn) Scrolls p - a [cursed] scroll of identify B - a [blessed] scroll called confuse monster [of confuse monster] D - a [blessed] scroll labeled MAPIRO MAHAMA DIROMAT [of enchant armor] Potions j - an uncursed potion of object detection u - a cursed potion of fruit juice w - a blessed potion of confusion y - an [uncursed] puce potion [of invisibility] z - an [uncursed] potion of fruit juice A - an [uncursed] viscous potion [of speed] C - an [uncursed] ruby potion [of restore ability] M - an [uncursed] potion of confusion Rings k - a [blessed +1] jade ring [of gain intelligence] Wands g - an [uncursed] wand of sleep (0:0) q - an [uncursed] steel wand [of speed monster (0:5)] G - an [uncursed] wand of striking [0:2] Tools n - an [uncursed] mirror E - an [uncursed] bag of tricks [0:5] J - an [uncursed] expensive camera [0:95] Gems F - an [uncursed] white gem [worthless glass] Iron balls c - an [uncursed] heavy iron ball (chained to you) (weapon in hand) Spells known in the end: Name Level Category Fail Memory a - extra healing 3 healing 100% [||||||||] Your skills at the end: Fighting Skills Weapon Skills sling [Basic / Skilled] Spellcasting Skills Final Attributes: You were devoutly aligned. Hunger level was 766. Your alignment was 19 / 21. Monster difficulty range was 0 - 5. Level difficulty was 3. You were immune to poison. You were immune to level-drain. You were immune to sickness. You were punished. You could fly. You could survive without air. You regenerated. You were lucky (1). You are dead. Vanquished creatures: a shopkeeper 6 small mimics a floating eye a kobold lord a gas spore 2 hobbits 2 hobgoblins 2 giant rats a brown mold a yellow mold 2 gnomes a gecko a jackal 2 foxes a kobold a sewer rat 7 grid bugs a bat 5 lichens a kobold zombie 2 newts 42 creatures vanquished. Voluntary challenges: You went without food. You never hit with a wielded weapon. You read items or engraved 9 times. You put on armor 9 times. You never genocided any monsters. You never polymorphed an object. You never changed form. You used no wishes. You abstained from Elbereth's help. You never encountered a bones level. You never used any Sokoban shortcuts. Dungeon overview: The Dungeons of Doom: levels 1 to 3 Level 1 a fountain a long staircase Level 2 a general store, a fountain Level 3 <- You were here a general store History has recorded: On T:1 you entered the Dungeons of Doom to retrieve the Amulet of Yendor! On T:224 you reached level 2 of The Dungeons of Doom. On T:709 you advanced to experience level 2. On T:796 you advanced to experience level 3. On T:850 you advanced to experience level 4. On T:859 you advanced to experience level 5. On T:1957 you advanced to experience level 6. On T:2121 you reached level 3 of The Dungeons of Doom. On T:2171 you advanced to experience level 7. Latest messages: You are already wielding that! "Usage fee, 26 zorkmids." Pakka Pakka is blinded by the flash! Pakka Pakka gets angry! Pakka Pakka zaps a wand of striking! The wand hits you! A viscous potion shatters! A clear potion shatters! Pakka Pakka zaps a wand of striking! The wand hits you! [HP-40=29] You feel an absence of magical power. Pakka Pakka zaps a wand of striking! The wand hits you! A swirly potion shatters! Pakka Pakka zaps a wand of striking! The wand hits you! You die... Pakka Pakka takes all your possessions. Final status: Goodbye Arrhythmia the Convict... You died in The Dungeons of Doom on dungeon level 3 with 1946 points, and 0 pieces of gold, after 2207 moves. You were level 7 with a maximum of 69 hit points when you died.